 Dungeon Crawl Stone Soup version 0.22-a0-322-g60b3cfd (webtiles) character file.

21 4thArraOfDagon the Vexing (level 2, -1/19 HPs)
             Began as a Mummy Enchanter on Apr 5, 2018.
             Was a Follower of Makhleb.
             Slain by a hobgoblin
             ... wielding a +0 club
              (7 damage)
             ... on level 2 of the Dungeon.
             The game lasted 00:02:01 (719 turns).

4thArraOfDagon the Vexing (Mummy Enchanter)          Turns: 719, Time: 00:02:02

Health: -1/19      AC:  2    Str: 11    XL:     2   Next: 62%
Magic:  1/5        EV: 12    Int: 14    God:    Makhleb [*.....]
Gold:   121        SH:  0    Dex: 12    Spells: 3/6 levels left

rFire    x . .     SeeInvis .   a - +1 dagger
rCold    + + .     Gourm    .   (no shield)
rNeg     + + +     Faith    .   b - +0 robe
rPois    ∞         Spirit   .   (no helmet)
rElec    .         Reflect  .   (no cloak)
rCorr    .         Harm     .   (no gloves)
MR       .....                  (no boots)
Stlth    ++........             (no amulet)
HPRegen  0.06/turn              e - ring of protection from cold
MPRegen  0.09/turn              (no ring)

@: no status effects
A: no food or potions, fire vulnerability, cold resistance 1, negative energy
resistance 3, torment resistance, unbreathing
a: Renounce Religion


You were on level 2 of the Dungeon.
You worshipped Makhleb.
Makhleb was aware of your devotion.
You were not hungry.

You visited 1 branch of the dungeon, and saw 2 of its levels.

You collected 121 gold pieces.

Inventory:

Hand Weapons
 a - a +1 dagger (weapon)
 g - a +0 long sword
Armour
 b - a +0 robe (worn)
Jewellery
 e - a ring of protection from cold (left hand)
Scrolls
 c - a scroll of teleportation {unknown}
 d - a scroll of noise {unknown}
 f - a scroll of enchant weapon {unknown}


   Skills:
 * Level 2.2 Short Blades
 - Level 1.5 Dodging
 - Level 2.4 Stealth
 - Level 2.6 Spellcasting
 - Level 2.6 Hexes


You had 3 spell levels left.
You knew the following spells:

 Your Spells              Type           Power        Failure   Level  Hunger
a - Corona                Hex            #......      8%          1    N/A
b - Ensorcelled Hibernat  Hex/Ice        #.....       19%         2    N/A

Dungeon Overview and Level Annotations

Branches:
Dungeon (2/15)

Altars:
Makhleb
Wu Jian


Innate Abilities, Weirdness & Mutations

You do not eat or drink.
Your flesh is vulnerable to fire.
You are immune to poison.
Your flesh is cold resistant. (rC+)
You are immune to negative energy. (rN+++)
You are immune to unholy pain and torment.
You can survive without breathing.


Message History

The hobgoblin is heavily wounded.
You barely miss the hobgoblin.
The hobgoblin is heavily wounded.
The hobgoblin hits you with a club.
You closely miss the hobgoblin.
The hobgoblin is heavily wounded.
The hobgoblin hits you with a club.
You hit the hobgoblin.
The hobgoblin is severely wounded.
The hobgoblin hits you with a club.
You are too injured to fight recklessly!
You hit the hobgoblin but do no damage.
The hobgoblin is severely wounded.
The hobgoblin misses you.
You closely miss the hobgoblin.
The hobgoblin is severely wounded.
You barely miss the hobgoblin.
The hobgoblin is severely wounded.
The hobgoblin hits you with a club!
You die...

#.................
#.##...##.#####...
##..##.# #..##.#
#.###..##<#
#......##†#
#####.###.# #g#
#(#
##@###.#########
#...............
###########
#..###......)...
..........# #..#
###########
.########.# #..##
.#
#####.#####...##
.#
#..............#
.#
#.###.#####...##
.# #.# #.# #..##


You could see a hobgoblin.

Vanquished Creatures
  A dart slug (D:2)
  A leopard gecko (D:2)
  2 bats (D:1)
  A giant cockroach (D:2)
  2 goblins
  3 hobgoblins
  A jackal (D:2)
  A quokka (D:2)
  2 kobolds
  A rat (D:1)
15 creatures vanquished.

Notes
Turn   | Place    | Note
-------+----------+-------------------------------------------
     0 | D:1      | 4thArraOfDagon the Mummy Enchanter began the quest for the Orb.
     0 | D:1      | Reached XP level 1. HP: 13/13 MP: 4/4
    55 | D:1      | Reached skill level 1 in Short Blades
   406 | D:2      | Found a faded altar of an unknown god.
   410 | D:2      | Reached XP level 2. HP: 18/19 MP: 2/5
   419 | D:2      | Learned a level 2 spell: Ensorcelled Hibernation
   427 | D:2      | Found an ornate altar of the Wu Jian Council.
   482 | D:2      | Became a worshipper of Makhleb the Destroyer
   482 | D:2      | Reached * piety under Makhleb
   719 | D:2      | Slain by a hobgoblin

Vault maps used:
D:1:      lemuel_arrival_cross, minmay_pentomino_p4
D:2:      kennysheep_the_goblin_king, kennysheep_vampire_church,
          old_standard_altar, chequers_ecumenical_altar_island

Skill      XL: |  1  2 |
---------------+-------+-----
Short Blades   | 1 2 |  2.2
Dodging        | |  1.5
Stealth        | |  2.4
Spellcasting   | |  2.6
Hexes          | |  2.6

Action                   || total
-------------------------++-------
Melee: Dagger            ||    44
 Cast: Corona            ||    11
       Ensorcelled Hiber ||     5
 Stab: Sleeping          ||     4
Armor: Robe              ||    11
Dodge: Dodged            ||    20

Table legend:
 A = Spawn XP
 B = Non-spawn XP
 C = Spawn XP percentage of total XP
 D = Spawn monster count
 E = Non-spawn monster count
 F = Spawn count percentage of total count
 G = Total turns spent on level
                    A         B        C        D         E        F      G
               +---------+---------+-------+---------+---------+-------+---------
         Total |       0 |      30 |   0.0 |       0 |      15 |   0.0 |   719
               +---------+---------+-------+---------+---------+-------+---------
           D:1 |       0 |      10 |   0.0 |       0 |       6 |   0.0 |   424
           D:2 |       0 |      20 |   0.0 |       0 |       9 |   0.0 |   295
               +---------+---------+-------+---------+---------+-------+---------
